 Dungeon Crawl Stone Soup version 0.24-a0-549-g45f0056d81 (webtiles) character file.

Game seed: 12045363526111422061

78 Electrofox the Ruffian (level 4, -5/35 HPs)
             Began as a Draconian Transmuter on Aug 19, 2019.
             Slain by a gnoll
             ... wielding a +0 spear
              (11 damage)
             ... on level 3 of the Dungeon.
             The game lasted 00:07:55 (2049 turns).

Electrofox the Ruffian (Draconian Transmuter)       Turns: 2049, Time: 00:07:56

Health: -5/35      AC:  5    Str: 13    XL:     4   Next: 15%
Magic:  5/8        EV: 12    Int: 14    God:
Gold:   159        SH:  0    Dex: 11    Spells: 5/8 levels left

rFire    . . .     SeeInvis .     - Unarmed
rCold    . . .     Gourm    .   (no shield)
rNeg     . . .     Faith    .   (armour unavailable)
rPois    .         Spirit   .   (helmet restricted)
rElec    .         Reflect  .   (no cloak)
rCorr    .         Harm     .   (no gloves)
MR       .....                  (boots currently unavailable)
Stlth    +.........             (no amulet)
HPRegen  0.11/turn              (no ring)
MPRegen  0.11/turn              (no ring)

@: appendage (expiring)
A: unfitting armour, talons 3, cold-blooded, AC +5
a: End Transformation


You were on level 3 of the Dungeon.
You were not hungry.
You had grown temporary talons.
You visited 2 branches of the dungeon, and saw 5 of its levels.

You collected 159 gold pieces.

Inventory:

Missiles
 a - 9 arrows
 d - 8 poisoned darts (quivered)
 p - 7 atropa-tipped darts
Scrolls
 b - a scroll of fear {unknown}
 h - a scroll of teleportation {unknown}
 i - a scroll of magic mapping {unknown}
 j - 3 scrolls of identify {unknown}
 l - a scroll of random uselessness {unknown}
Potions
 e - 2 potions of agility {unknown}
 f - 4 potions of curing {unknown}
 g - 2 potions of heal wounds {unknown}
 k - a potion of lignification {unknown}
 m - a potion of degeneration {unknown}
 n - a potion of might {unknown}
 o - a potion of haste {unknown}
Comestibles
 c - 9 rations


   Skills:
 - Level 1.1 Fighting
 - Level 1.9 Dodging
 + Level 3.7 Unarmed Combat
 * Level 2.8 Spellcasting
 * Level 3.0 Transmutations


You had 5 spell levels left.
You knew the following spells:

 Your Spells              Type           Power        Failure   Level  Hunger
a - Beastly Appendage     Tmut           ##....       6%          1    #......
b - Sticks to Snakes      Tmut           ##......     10%         2    ##.....

Your spell library contained the following spells:

 Spells                   Type           Power        Failure   Level  Hunger
 Spider Form              Tmut/Pois      #.........   34%         3    ###....
 Ice Form                 Ice/Tmut       #.......     75%         4    #####..
 Blade Hands              Tmut           ##........   86%         5    ######.


Dungeon Overview and Level Annotations

Branches:
Dungeon (4/15)             Temple (1/1) D:4

Altars:
Ashenzari
Dithmenos
Elyvilon
Fedhas
Kikubaaqudgha
Makhleb
Okawaru
Ru
Uskayaw
Vehumet
Wu Jian
Xom
Yredelemnul
Zin
The Shining One

Annotations:
D:4 Dowan, Duvessa


Innate Abilities, Weirdness & Mutations

Your plain brown scales are hard. (AC +5)
You cannot fit into any form of body armour.
You are cold-blooded and may be slowed by cold attacks.
You have claws for feet.


Message History

The gnoll barely misses you.
You hit the gnoll.
Your tail-slap misses the gnoll.
The gnoll is heavily wounded.
The gnoll hits you with a +0 halberd. The gnoll barely misses you.
You closely miss the gnoll.
The gnoll is heavily wounded.
The gnoll barely misses you.
The gnoll hits you from afar with a +0 spear.
You barely miss the gnoll.
The gnoll is heavily wounded.
The gnoll barely misses you. The gnoll completely misses you.
You hit the gnoll. You tail-slap the gnoll.
You kill the gnoll!
Your Transmutations skill increases to level 3!
The gnoll hits you from afar with a +0 spear!
* * * LOW HITPOINT WARNING * * *
The gnoll barely misses you.
Your transformation is almost over.
The gnoll hits you from afar with a +0 spear!
You die...

#....# #....# #..).+ #
#....#### #. #....#.. #..
#....#.######.
###...########.##........
......'....ggS...>.......
..#...########@..........
#.. ###########. #. #


You could see 2 gnolls and a friendly ball python.

Vanquished Creatures
  Jessica (D:2)
  A gnoll (D:3)
  An adder (D:1)
  2 worms (D:2)
  3 bats
  2 giant cockroaches
  3 goblins (D:1)
  4 hobgoblins
  A quokka (D:2)
  2 frilled lizards (D:2)
  5 kobolds
  5 rats
30 creatures vanquished.

Notes
Turn   | Place    | Note
-------+----------+-------------------------------------------
     0 | D:1      | Electrofox the Draconian Transmuter began the quest for the
                  | Orb.
     0 | D:1      | Reached XP level 1. HP: 16/16 MP: 3/3
   253 | D:1      | Reached XP level 2. HP: 20/23 MP: 3/5
   647 | D:2      | Noticed Jessica
   928 | D:2      | Reached XP level 3. HP: 24/28 MP: 4/6
   960 | D:2      | Learned a level 2 spell: Sticks to Snakes
   976 | D:2      | Killed Jessica
  1184 | D:2      | Found a faded altar of an unknown god.
  1408 | D:2      | Reached XP level 4. HP: 26/35 MP: 8/8
  1678 | D:2      | You fall into a shaft and drop 2 floors!
  1678 | D:4      | Found a staircase to the Ecumenical Temple.
  1681 | Temple   | Entered the Ecumenical Temple
  1832 | D:4      | Noticed Duvessa
  1832 | D:4      | Noticed Dowan
  2049 | D:3      | Slain by a gnoll

Levels and vault maps discovered:
D:1:      kennysheep_arrival_forest, layout_basic
D:2:      layout_loops_corners, chequers_ecumenical_altar_simple, first_ration,
          uniq_sigmund, uniq_robin, uniq_jessica
D:3:      layout_basic, lemuel_doored_altar, gammafunk_temple_overflow_claw,
          grunt_decor_arrowhead, minmay_bisected
D:4:      layout_layer_cave, minmay_temple_entry_antechambers,
          nicolae_dithmenos_the_darkroom, uniq_duvessa
Temple:   regret_index_temple_waves

Skill      XL: |  1  2  3  4 |
---------------+-------------+-----
Transmutations | 3 |  3.0
Fighting       | |  1.1
Dodging        | |  1.9
Unarmed Combat | |  3.7
Spellcasting   | |  2.8

Action                   |  1- 3 |  4- 6 || total
-------------------------+-------+-------++-------
Melee: Unarmed           |    84 |    15 ||    99
       Tailslap          |     8 |     2 ||    10
       Kick              |     5 |     1 ||     6
       Headbutt          |     4 |       ||     4
       Punch             |     1 |       ||     1
Throw: Dart              |     6 |       ||     6
 Cast: Beastly Appendage |    13 |     2 ||    15
       Sticks to Snakes  |     1 |     2 ||     3
 Stab: Sleeping          |     1 |       ||     1
  Eat: Chunk             |     2 |       ||     2
       Ration            |       |     1 ||     1
Armor: Skin              |    28 |     3 ||    31
Dodge: Dodged            |    74 |    22 ||    96

Table legend:
 A = Non-vault XP
 B = Vault XP
 C = Vault XP percentage of total XP
 D = Non-vault monster count
 E = Vault monster count
 F = Vault count percentage of total count
                 A         B        C        D         E       F
            +---------+---------+-------+---------+---------+-------
      Total |      75 |      37 |  33.0 |      29 |       1 |   3.3
            +---------+---------+-------+---------+---------+-------
        D:1 |      32 |       0 |   0.0 |      13 |       0 |   0.0
        D:2 |      32 |      37 |  53.6 |      15 |       1 |   6.2
        D:3 |      11 |       0 |   0.0 |       1 |       0 |   0.0
            +---------+---------+-------+---------+---------+-------
